MLB
CINCINNATI REDS @ COLORADO ROCKIES
03/20/2042
 
TOP OF THE 1ST
Cincinnati Reds batting - Pitching for Colorado Rockies : RHP Orlando Bernard
Pitching: RHP Orlando Bernard
Batting: RHB Sergio García 0-0: Fly out, F2 (Popup, 25F, EV 90.6 MPH)
Batting: RHB Bjorn Trommel 0-0: Foul Ball, location: 25FF
0-1: Ball
1-1: Foul Ball, location: 9LMF
1-2: Fly out, F7 (Line Drive, 8LM, EV 100.6 MPH)
Batting: LHB Jesús Nava 0-0: Called Strike
0-1: Foul Ball, location: 2F
0-2: Ball
1-2: Fly out, F8 (Flyball, 8LXD, EV 90.6 MPH)
Top of the 1st over - 0 runs, 0 hits, 0 errors, 0 left on base; Cincinnati 0 - Colorado 0
BOTTOM OF THE 1ST
Colorado Rockies batting - Pitching for Cincinnati Reds : RHP Juan Salinas
Pitching: RHP Juan Salinas
Batting: LHB Dan Pérez 0-0: Ball
1-0: Called Strike
1-1: Swinging Strike
1-2: Ground out 5-3 (Groundball, 5, EV 85.6 MPH)
Batting: RHB Jorge Esquivel 0-0: Ball
1-0: Ball
2-0: Called Strike
2-1: Fly out, F8 (Flyball, 8RM, EV 93.8 MPH)
Batting: LHB Álex Cepeda 0-0: Ball
1-0: Fly out, F8 (Flyball, 8RM, EV 87.5 MPH)
Bottom of the 1st over - 0 runs, 0 hits, 0 errors, 0 left on base; Cincinnati 0 - Colorado 0
TOP OF THE 2ND
Cincinnati Reds batting - Pitching for Colorado Rockies : RHP Orlando Bernard
Batting: RHB Héctor Méndez 0-0: Called Strike
0-1: Ball
1-1: Ball
2-1: Ball
3-1: Called Strike
3-2: Strikes out swinging
Batting: SHB Joe Jones 0-0: Foul Ball, location: 2F
0-1: Ball
1-1: Fly out, F8 (Flyball, 8RD, EV 78.8 MPH)
Batting: RHB Itocravo Affra 0-0: Ball
1-0: Ball
2-0: Called Strike
2-1: Ground out 6-3 (Groundball, 6, EV 101.3 MPH)
Top of the 2nd over - 0 runs, 0 hits, 0 errors, 0 left on base; Cincinnati 0 - Colorado 0
BOTTOM OF THE 2ND
Colorado Rockies batting - Pitching for Cincinnati Reds : RHP Juan Salinas
Batting: RHB Joe Thompson 0-0: Swinging Strike
0-1: Called Strike
0-2: Foul Ball, location: 23FF
0-2: Strikes out swinging
Batting: RHB Bob Jacobs 0-0: Swinging Strike
0-1: Ball
1-1: SINGLE (Line Drive, 7S, EV 105.0 MPH)
Batting: RHB Lonnie Anderson 0-0: Ball
1-0: Grounds into double play, 5-4-3 (Groundball, 5L, EV 92.5 MPH)
Bottom of the 2nd over - 0 runs, 1 hit, 0 errors, 0 left on base; Cincinnati 0 - Colorado 0
TOP OF THE 3RD
Cincinnati Reds batting - Pitching for Colorado Rockies : RHP Orlando Bernard
Batting: RHB Mauro Navarro 0-0: Called Strike
0-1: Called Strike
0-2: Ground out 6-3 (Groundball, 4M, EV 85.0 MPH)
Batting: RHB Rudy Edwards 0-0: Ball
1-0: Foul Ball, location: 23F
1-1: Foul Ball, location: 3DF
1-2: Ground out 6-3 (Groundball, 6M, EV 94.4 MPH)
Batting: RHB Tony Aranda 0-0: Called Strike
0-1: Foul Ball, location: 2F
0-2: Strikes out looking
Top of the 3rd over - 0 runs, 0 hits, 0 errors, 0 left on base; Cincinnati 0 - Colorado 0
BOTTOM OF THE 3RD
Colorado Rockies batting - Pitching for Cincinnati Reds : RHP Juan Salinas
Batting: RHB Steve O'Brien 0-0: Called Strike
0-1: Ball
1-1: Ball
2-1: Foul Ball, location: 9LSF
2-2: Foul Ball, location: 2F
2-2: Ball
3-2: Fly out, F7 (Flyball, 78M, EV 88.1 MPH)
Batting: RHB Ron Long 0-0: Foul Ball, location: 2F
0-1: Foul Ball, location: 5SF
0-2: Strikes out swinging
Batting: RHB Alec Kimpton 0-0: Called Strike
0-1: Fly out, F4 (Popup, 23, EV 81.9 MPH)
Bottom of the 3rd over - 0 runs, 0 hits, 0 errors, 0 left on base; Cincinnati 0 - Colorado 0
TOP OF THE 4TH
Cincinnati Reds batting - Pitching for Colorado Rockies : RHP Orlando Bernard
Batting: RHB Sergio García 0-0: Ball
1-0: Called Strike
1-1: Fly out, F7 (Flyball, 7, EV 90.6 MPH)
Batting: RHB Bjorn Trommel 0-0: Foul Ball, location: 3FF
0-1: Ball
1-1: Ball
2-1: Fly out, F7 (Line Drive, 78M, EV 95.0 MPH)
Batting: LHB Jesús Nava 0-0: Called Strike
0-1: Swinging Strike
0-2: Foul Ball, location: 3F
0-2: Strikes out swinging
Top of the 4th over - 0 runs, 0 hits, 0 errors, 0 left on base; Cincinnati 0 - Colorado 0
BOTTOM OF THE 4TH
Colorado Rockies batting - Pitching for Cincinnati Reds : RHP Juan Salinas
Batting: LHB Dan Pérez 0-0: Ball
1-0: Called Strike
1-1: Foul Ball, location: 5SF
1-2: Fly out, F9 (Line Drive, 9, EV 88.1 MPH)
Batting: RHB Jorge Esquivel 0-0: Ball
1-0: Ball
2-0: Ball
3-0: Called Strike
3-1: Base on Balls
Batting: LHB Álex Cepeda 0-0: Called Strike
0-1: Grounds into double play, 4-6-3 (Groundball, 4, EV 88.8 MPH)
Bottom of the 4th over - 0 runs, 0 hits, 0 errors, 0 left on base; Cincinnati 0 - Colorado 0
TOP OF THE 5TH
Cincinnati Reds batting - Pitching for Colorado Rockies : RHP Orlando Bernard
Now at 1B: Cisco Sandodal
Now in LF: Dan Pérez
Batting: RHB Héctor Méndez 0-0: Ball
1-0: Called Strike
1-1: SINGLE (Groundball, 34D, EV 99.4 MPH)
Batting: SHB Joe Jones 0-0: Ball
Passed Ball!
Héctor Méndez to second
1-0: Swinging Strike
1-1: Called Strike
1-2: Fly out, F8 (Line Drive, 78D, EV 96.9 MPH)
Batting: RHB Itocravo Affra 0-0: Ball
1-0: Ground out 5-3 (Groundball, 56, EV 85.0 MPH)
Batting: RHB Mauro Navarro 0-0: Ball
1-0: Foul Ball, location: 2F
1-1: Swinging Strike
1-2: Foul Ball, location: 25F
1-2: Ball
2-2: Ball
3-2: Ground out 4-3 (Groundball, 4, EV 90.0 MPH)
Top of the 5th over - 0 runs, 1 hit, 0 errors, 1 left on base; Cincinnati 0 - Colorado 0
BOTTOM OF THE 5TH
Colorado Rockies batting - Pitching for Cincinnati Reds : RHP Juan Salinas
Now at 1B: Juan Gómez
Now at 3B: Jeff Chase
Now in LF: Eric Brooks
Batting: RHB Joe Thompson 0-0: Fly out, F8 (Flyball, 8RS, EV 96.9 MPH)
Batting: RHB Bob Jacobs 0-0: Ball
1-0: Foul Ball, location: 2F
1-1: Fly out, F6 (Popup, 6, EV 65.0 MPH)
Batting: RHB Lonnie Anderson 0-0: Ball
1-0: Ball
2-0: Called Strike
2-1: Fly out, F7 (Line Drive, 7S, EV 86.3 MPH)
Bottom of the 5th over - 0 runs, 0 hits, 0 errors, 0 left on base; Cincinnati 0 - Colorado 0
TOP OF THE 6TH
Cincinnati Reds batting - Pitching for Colorado Rockies : RHP Orlando Bernard
Pitching: RHP Aurelio Rodríguez
Now at 1B: José De Los Santos
Now in LF: Jeff Rogers
Now in CF: Cisco Sandodal
Now in RF: Alex Battle
Pinch Hitting: LHB Raúl Campos 0-0: Ball
1-0: Foul Ball, location: 2F
1-1: Ball
2-1: Foul Ball, location: 3FF
2-2: Foul Ball, location: 7LSF
2-2: Fly out, F9 (Flyball, 9, EV 81.3 MPH)
Batting: RHB Tony Aranda 0-0: Ball
1-0: Foul Ball, location: 2RF
1-1: Swinging Strike
1-2: DOUBLE (Line Drive, 78XD, EV 104.4 MPH)
Pinch Hitting: LHB Iván Ramos 0-0: Swinging Strike
0-1: SINGLE (Line Drive, 7LS, EV 96.3 MPH)
Tony Aranda to third
Pinch Hitting: RHB Sadaharu Takahashi 0-0: Swinging Strike
0-1: Ball
1-1: Fly out, F6 (Popup, 6, EV 53.8 MPH)
Batting: LHB Juan Gómez 0-0: SINGLE (Groundball, 4S, EV 67.5 MPH) (infield hit)
Tony Aranda scores
Iván Ramos to second
Batting: RHB Manny Sosa 0-0: Ball
1-0: Ball
2-0: Swinging Strike
2-1: Fly out, F9 (Flyball, 89M, EV 87.5 MPH)
Top of the 6th over - 1 run, 3 hits, 0 errors, 2 left on base; Cincinnati 1 - Colorado 0
BOTTOM OF THE 6TH
Colorado Rockies batting - Pitching for Cincinnati Reds : RHP Juan Salinas
Now at C: Jorge Márquez
Now at 2B: Arturo Patino
Now at SS: Dan Gray
Now in LF: Iván Ramos
Now in CF: Eric Brooks
Now in RF: Sadaharu Takahashi
Batting: RHB Steve O'Brien 0-0: Swinging Strike
0-1: Ball
1-1: Called Strike
1-2: Ball
2-2: Fly out, F7 (Flyball, 7D, EV 104.4 MPH)
Batting: RHB Ron Long 0-0: Ball
1-0: Ball
2-0: Ground out 6-3 (Groundball, 6, EV 110.0 MPH)
Batting: RHB Alec Kimpton 0-0: Fly out, F8 (Flyball, 8RD, EV 100.0 MPH)
Bottom of the 6th over - 0 runs, 0 hits, 0 errors, 0 left on base; Cincinnati 1 - Colorado 0
TOP OF THE 7TH
Cincinnati Reds batting - Pitching for Colorado Rockies : RHP Aurelio Rodríguez
Batting: LHB Jeff Chase 0-0: Called Strike
0-1: Called Strike
0-2: Ball
1-2: Ground out 4-3 (Groundball, 4M, EV 89.4 MPH)
Batting: LHB Arturo Patino 0-0: Ball
1-0: Swinging Strike
1-1: Swinging Strike
1-2: Ball
2-2: Ball
3-2: Strikes out swinging
Batting: RHB Eric Brooks 0-0: Swinging Strike
0-1: Foul Ball, location: 2F
0-2: Strikes out swinging
Top of the 7th over - 0 runs, 0 hits, 0 errors, 0 left on base; Cincinnati 1 - Colorado 0
BOTTOM OF THE 7TH
Colorado Rockies batting - Pitching for Cincinnati Reds : RHP Juan Salinas
Batting: LHB Alex Battle 0-0: Called Strike
0-1: Foul Ball, location: 7LMF
0-2: Ball
1-2: Foul Ball, location: 5F
1-2: Foul Ball, location: 5F
1-2: Ball
2-2: Ball
3-2: Base on Balls
Batting: RHB Cisco Sandodal 0-0: Fly out, F3 (Popup, 3SF, EV 68.8 MPH)
Batting: LHB José De Los Santos 0-0: Called Strike
Alex Battle steals 2nd base
0-1: Ball
1-1: Fly out, F9 (Line Drive, 9, EV 95.6 MPH)
Batting: RHB Joe Thompson 0-0: Ball
1-0: Ball
2-0: Called Strike
2-1: Fly out, F7 (Flyball, 78S, EV 80.0 MPH)
Bottom of the 7th over - 0 runs, 0 hits, 0 errors, 1 left on base; Cincinnati 1 - Colorado 0
TOP OF THE 8TH
Cincinnati Reds batting - Pitching for Colorado Rockies : RHP Aurelio Rodríguez
Pitching: RHP Jorge Calderón
Batting: SHB Jorge Márquez 0-0: Called Strike
0-1: Ball
1-1: Ball
2-1: Ball
3-1: Foul Ball, location: 7LDF
3-2: Foul Ball, location: 3F
3-2: Base on Balls
Batting: SHB Dan Gray 0-0: Sac Bunt to 3S - play at first, batter OUT! 3-1
Jorge Márquez to second
Batting: LHB Iván Ramos 0-0: Intentional Walk
Batting: RHB Sadaharu Takahashi 0-0: Grounds into double play, 6-4-3 (Groundball, 6, EV 80.0 MPH)
Top of the 8th over - 0 runs, 0 hits, 0 errors, 1 left on base; Cincinnati 1 - Colorado 0
BOTTOM OF THE 8TH
Colorado Rockies batting - Pitching for Cincinnati Reds : RHP Juan Salinas
Pitching: LHP Rod Rodmell
Pinch Hitting: LHB Luis Rodríguez 0-0: Ball
1-0: Fly out, F8 (Line Drive, 8RD, EV 92.5 MPH)
Batting: LHB Jeff Rogers 0-0: Ball
1-0: Swinging Strike
1-1: Ground out 6-3 (Groundball, 6, EV 85.0 MPH)
Pinch Hitting: RHB Jared Tebazalwa 0-0: Called Strike
0-1: Ball
1-1: Ball
2-1: Ball
3-1: Called Strike
3-2: Ground out 4-3 (Groundball, 34, EV 84.4 MPH)
Bottom of the 8th over - 0 runs, 0 hits, 0 errors, 0 left on base; Cincinnati 1 - Colorado 0
TOP OF THE 9TH
Cincinnati Reds batting - Pitching for Colorado Rockies : RHP Jorge Calderón
Pitching: LHP Wally Ellis
Now at 2B: Luis Rodríguez
Now at 3B: Jared Tebazalwa
Pinch Hitting: RHB José Cherino 0-0: Ball
1-0: Ball
2-0: Called Strike
2-1: Foul Ball, location: 2F
2-2: Ball
3-2: Ground out 6-3 (Groundball, 56, EV 80.6 MPH)
Batting: RHB Manny Sosa 0-0: Called Strike
0-1: Swinging Strike
0-2: Ball
1-2: Foul Ball, location: 23F
1-2: Ball
2-2: SINGLE (Groundball, 5D, EV 102.5 MPH)
Pinch Hitting: RHB Haruki Fujihara 0-0: 2-RUN HOME RUN (Flyball, 7D, EV 100.6 MPH), Distance : 416 ft
Pinch Hitting: RHB Calvin Hodnett 0-0: Ball
1-0: Ball
2-0: Called Strike
2-1: SINGLE (Flyball, 56D, EV 98.8 MPH)
Batting: RHB Eric Brooks 0-0: Foul Ball, location: 5SF
0-1: Grounds into double play, 5-4-3 (Groundball, 15, EV 88.8 MPH)
Top of the 9th over - 2 runs, 3 hits, 0 errors, 0 left on base; Cincinnati 3 - Colorado 0
BOTTOM OF THE 9TH
Colorado Rockies batting - Pitching for Cincinnati Reds : LHP Rod Rodmell
Pitching: RHP Jorge Gorrindo
Now at 1B: Ted Shields
Now at 2B: Caspar Ahernfeld
Now at 3B: António Ceras
Now in LF: Eric Brooks
Now in CF: Ron Anderson
Batting: LHB Andy Bean 0-0: Fly out, F7 (Line Drive, 7, EV 96.9 MPH)
Pinch Hitting: RHB Ken Keith 0-0: Foul Ball, location: 3DF
0-1: Foul Ball, location: 9LSF
0-2: Ground out 6-3 (Groundball, 6, EV 100.0 MPH)
Batting: LHB Alex Battle 0-0: Called Strike
0-1: Ball
1-1: Ground out U3 (Groundball, 3, EV 91.3 MPH)
Bottom of the 9th over - 0 runs, 0 hits, 0 errors, 0 left on base; Cincinnati 3 - Colorado 0
Friday, May 3rd , 2024 - OOTP Baseball 24.10 Build 82